 Dungeon Crawl Stone Soup version 0.28.0-56-g4927b6849a (webtiles) character file.

Game seed: 13123921457026049192

76031 Atelerd the Eclecticist (level 15, -4/121 HPs)
             Began as an Octopode Earth Elementalist on Jan 29, 2023.
             Was a High Priest of Sif Muna.
             Killed from afar by a shock serpent (5 damage)
             ... with an electric aura
             ... in a wizard's laboratory.
             The game lasted 01:13:41 (28997 turns).

Atelerd the Eclecticist (OpEE)                     Turns: 28997, Time: 01:13:42

Health: -4/121     AC:  6    Str: 14    XL:     15   Next: 52%
Magic:  30/43      EV: 21    Int: 36    God:    Sif Muna [*****.]
Gold:   327        SH:  0    Dex: 14    Spells: 10/44 levels left

rFire   + + +      SeeInvis .   G - +5 dagger of the Forsaken Orbs {venom, *Slow +Blink rF+++ Int+5}
rCold   . . .      Faith    .   (no shield)
rNeg    + . .      Spirit   .   (helmet restricted)
rPois   +          Reflect  .   (no amulet)
rElec   .          Harm     .   n - +4 ring of evasion
rCorr   .          Rampage  .   k - ring of magical power
Will    ++...                   p - ring of poison resistance
Stlth   ..........              q - ring of positive energy
HPRegen 0.30/turn               R - ring of Wut Byips {Str+6 Int+2}
MPRegen 0.28/turn               F - ring of willpower
                                K - +6 ring of intelligence
                                U - +4 ring of protection

@: berserking, studying Dodging, very quick
A: almost no armour, amphibious, 8 rings, camouflage 1, gelatinous body 1,
(nimble swimmer 1), tentacles, shaggy fur 1
a: Renounce Religion, Evoke Blink, Channel Magic, Forget Spell, Divine Exegesis


You were in a wizard's laboratory.
You worshipped Sif Muna.
Sif Muna was extremely pleased with you.
You visited 5 branches of the dungeon, and saw 22 of its levels.
You also visited: Gauntlet and Wizlab.

You collected 2014 gold pieces.
You spent 1687 gold pieces at shops.

Inventory:

Hand Weapons
 j - the +7 quick blade of Wyrd {freeze, Fly Str-5 Int+6 SInv}
   (You acquired it on level 2 of the Orcish Mines)

   It freezes those it strikes, dealing additional cold damage.
   It can also slow down cold-blooded creatures.
   Str:       It affects your strength (-5).
   Int:       It affects your intelligence (+6).
   SInv:      It lets you see invisible.
   Fly:       It grants you flight.
 t - a +2 vampiric dagger
 G - the +5 dagger of the Forsaken Orbs (weapon) {venom, *Slow +Blink rF+++ Int+5}
   (You bought it in a shop on level 4 of the Dungeon)

   It poisons the flesh of those it strikes.
   Int:       It affects your intelligence (+5).
   rF:        It renders you almost immune to fire.
   +Blink:    It lets you blink.
   *Slow:     It may slow you when you take damage.
Missiles
 b - 86 stones
 O - 2 throwing nets
Armour
 X - an orb of energy
Jewellery
 k - a ring of magical power (right tentacle)
 n - a +4 ring of evasion (left tentacle)
 p - a ring of poison resistance (on tentacle)
 q - a ring of positive energy (on tentacle)
 F - a ring of willpower (on tentacle)
 K - a +6 ring of intelligence (on tentacle)
 R - the ring of Wut Byips (on tentacle) {Str+6 Int+2}
   (You found it on level 4 of the Lair of Beasts)

   [ring of strength]

   Str:       It affects your strength (+6).
   Int:       It affects your intelligence (+2).
 U - a +4 ring of protection (on tentacle)
Wands
 x - a wand of iceblast (45)
 A - a wand of mindburst (14)
 B - a wand of polymorph (24)
 D - a wand of digging (2)
 E - a wand of acid (7)
 M - a wand of flame (9)
Scrolls
 a - 5 scrolls of brand weapon
 e - 4 scrolls of teleportation
 f - 3 scrolls of amnesia
 g - 4 scrolls of enchant armour
 h - a scroll of immolation {unknown}
 i - 4 scrolls of fog
 o - 3 scrolls of identify
 u - a scroll of fear
 v - 2 scrolls of vulnerability
 I - 5 scrolls of summoning
 P - a scroll of torment {unknown}
 S - a scroll of noise {unknown}
 W - a scroll of holy word
Potions
 d - a potion of attraction
 l - 7 potions of curing
 m - 2 potions of heal wounds
 r - a potion of flight
 w - a potion of brilliance {unknown}
 C - 2 potions of magic {unknown}
 N - 2 potions of might {unknown}
 Q - 2 potions of haste {unknown}
 T - a potion of cancellation {unknown}
 Y - a potion of mutation
Miscellaneous
 L - a lightning rod (4/4)


   Skills:
 * Level 5.4 Short Blades
 * Level 9.3 Dodging
 * Level 13.8 Stealth
 - Level 0.4 Unarmed Combat
 - Level 15.0 Spellcasting
 * Level 4.8 Conjurations
 - Level 2.0 Hexes
 - Level 5.0 Necromancy
 - Level 5.0 Transmutations
 * Level 5.1 Air Magic
 * Level 11.1 Earth Magic
 - Level 5.0 Poison Magic
 * Level 7.5 Invocations
 - Level 3.0 Evocations


You had 10 spell levels left.
You knew the following spells:

 Your Spells              Type           Power      Damage    Failure   Level
a - Sandblast             Erth           100%       2d20      0%          1
b - Mephitic Cloud        Conj/Pois/Air  58%        N/A       1%          3
e - Olgreb's Toxic Radia  Pois           58%        N/A       1%          4
f - Ignite Poison         Fire/Tmut/Pois 50%        N/A       1%          3
i - Iron Shot             Conj/Erth      35%        9d7       8%          6
o - Tukima's Dance        Hex            41%        N/A       1%          3
p - Petrify               Tmut/Erth      71%        N/A       1%          4
u - Freezing Cloud        Conj/Ice/Air   25%        6-21      10%         5
v - Borgnjor's Vile Clut  Necr/Erth      35%        N/A       1%          5

Your spell library contained the following spells:

 Spells                   Type           Power      Damage    Failure   Level
 Magic Dart               Conj           100%       1d8       1%          1
 Pain                     Necr           100%       1d9       1%          1
 Slow                     Hex            100%       N/A       1%          1
 Call Imp                 Summ           27%        N/A       1%          2
 Corpse Rot               Necr/Air       100%       N/A       1%          2
 Ensorcelled Hibernation  Hex/Ice        68%        N/A       1%          2
 Passwall                 Tmut/Erth      59%        N/A       1%          2
 Poisonous Vapours        Pois/Air       100%       N/A       1%          2
 Sublimation of Blood     Necr           58%        N/A       1%          2
 Wereblood                Tmut           58%        N/A       1%          2
 Confusing Touch          Hex            41%        N/A       1%          3
 Conjure Flame            Conj/Fire      44%        6-21      1%          3
 Stone Arrow              Conj/Erth      100%       3d13      1%          3
 Swiftness                Air            59%        N/A       1%          3
 Vampiric Draining        Necr           58%        2d10      1%          3
 Dispel Undead            Necr           58%        3d21      1%          4
 Inner Flame              Hex/Fire       34%        N/A       2%          3
 Anguish                  Hex/Necr       25%        N/A       3%          4
 Agony                    Necr           58%        N/A       4%          5
 Alistair's Intoxication  Tmut/Pois      38%        N/A       4%          5
 Cause Fear               Hex            20%        N/A       6%          4
 Yara's Violent Unravell  Hex/Tmut       25%        3d11      9%          5
 Passage of Golubria      Tloc           27%        N/A       14%         4
 Eringya's Noxious Bog    Tmut/Pois      29%        N/A       26%         6
 Dispersal                Tloc           13%        N/A       91%         6
 Enfeeble                 Hex            20%        N/A       99%         7
 Spellforged Servitor     Conj/Summ      22%        N/A       99%         7
 Summon Hydra             Summ           13%        N/A       100%        7
 Discord                  Hex            20%        N/A       100%        8
 Disjunction              Tloc           13%        N/A       100%        8
 Fire Storm               Conj/Fire      22%        8d6       100%        9


Dungeon Overview and Level Annotations

Branches:
Dungeon (12/15)            Temple (1/1) D:4            Lair (6/6) D:10
 Shoals (0/4) Lair:4        Snake (0/4) Lair:4        Slime (0/5) Lair:5
    Orc (2/2) D:12            Elf (1/3) Orc:2        WizLab (1/1)
Gauntlet (visited)

Altars:
Ashenzari
Cheibriados
Dithmenos
Elyvilon
Fedhas
Gozag
Hepliaklqana
Kikubaaqudgha
Makhleb
Nemelex Xobeh
Okawaru
Qazlal
Ru
Sif Muna
Trog
Uskayaw
Vehumet
Wu Jian
Xom
Yredelemnul
Zin
The Shining One

Shops:
D:1 (   D:4 (   Orc:2 :*::[

Annotations:
D:3 exclusion: 2 downstairs
D:4 exclusion: downstairs
D:11 exclusion: 3 downstairs
Lair:1 exclusion: downstairs
Lair:4 exclusion: 2 downstairs
Lair:5 exclusion: downstairs


Innate Abilities, Weirdness & Mutations

You cannot wear most types of armour.
You are amphibious.
You can wear up to eight rings at the same time.
Your skin changes colour to match your surroundings (Stealth+).
Your rubbery body absorbs attacks. (AC +1, EV +1)
((You are camouflaged when in or above water. (Stealth+)))
You have tentacles for arms and can constrict up to eight enemies at once.
You are covered in fur. (AC +1)


Message History

* * * LOW HITPOINT WARNING * * *
A shock serpent comes into view.
You can move again.
You feel a strong urge to attack something.
The zombie hands constrict the shock serpent!
The shock serpent's electric aura discharges, shocking you!
* * * LOW HITPOINT WARNING * * *
The air elemental fires a burst of electricity at you.
The stunning burst misses you.
The shock serpent struggles to escape constriction.
You are too berserk!
You are too berserk!
Hit: G) +5 dagger of the Forsaken Orbs {venom, *Slow +Blink rF+++ Int+5}
Press: ? - help, Dir - move target, f - air elemental, p - shock serpent
Aim: an air elemental (lightly damaged, about 52% to evade the +5 dagger of the Forsaken Orbs)
Okay, then.
You puncture the air elemental! You squeeze the air elemental!
The air elemental is almost destroyed.
The zombie hands constrict the shock serpent.
The shock serpent's electric aura discharges, shocking you!
* * * LOW HITPOINT WARNING * * *
The air elemental hits you but does no damage.
The spriggan air mage is engulfed in freezing vapours.
The spriggan air mage casts a spell at you.
The bolt of lightning hits the air elemental.
The air elemental completely resists.
The bolt of lightning misses you.
The shock serpent struggles to escape constriction.
Unknown command.
Unknown command.
The shock serpent hisses angrily.
You puncture the air elemental!
You destroy the air elemental!
Sif Muna accepts your kill.
The zombie hands constrict the shock serpent.
Unknown command.
Unknown command.
Unknown command.
The zombie hands constrict the shock serpent!
The shock serpent's electric aura discharges, shocking you!
You die...

...### .§....#
#§...k. §§.§S§#
##+## #§..§§.
##...##
..ki.§###.....##
#..S...#.......#
§.....#'.@.∩.∩.+
#......#S......#
##.....##.....##
####... ##...##
##.. ##+## ##..
###. #≈#E


You could see a wind drake (repels missiles), 2 shock serpents and a spriggan
air mage (repels missiles).

Vanquished Creatures
  A minotaur (Gauntlet)
  A deep elf high priest (Elf:1)
  6 hydras
  Harold (Lair:2)
  3 boulder beetles
  2 catoblepae (Lair:3)
  Erica (Lair:2)
  4 two-headed ogres
  5 orc high priests (Orc:2)
  5 death yaks (Lair:6)
  A deep elf knight (Elf:1)
  3 deep elf archers (Elf:1)
  A lindwurm (Lair:5)
  2 wizards (Gauntlet)
  2 ugly things
  4 orc knights
  3 deep elf pyromancers (Elf:1)
  A necromancer (Lair:3)
  A moth of wrath (Gauntlet)
  A torpor snail (Lair:6)
  32 elephants
  13 cane toads
  2 gargoyles
  2 rime drakes
  A dire elephant skeleton (Lair:6)
  9 komodo dragons
  2 burning bushes (Lair:6)
  4 trolls
  A polar bear (Lair:2)
  Prince Ribbit (D:8)
  20 blink frogs
  4 dream sheep (Lair:6)
  6 slime creatures
  A vampire (D:11)
  2 air elementals
  4 wraiths
  2 water elementals (Elf:1)
  A shadow (D:10)
  52 yaks
  3 basilisks
  10 vampire mosquitoes
  A dancing weapon (Orc:2)
  Menkaure (D:4)
  2 swamp worms (Gauntlet)
  4 wargs
  A naga (Lair:4)
  15 water moccasins
  3 black bears
  3 elephant zombies
  38 orc warriors
  12 ogres
  2 sky beasts
  6 centaurs
  15 wolves
  2 phantoms
  A komodo dragon zombie (Lair:3)
  3 kobold brigands
  An earth elemental (Elf:1)
  11 bullfrogs
  4 gnoll sergeants (D:12)
  2 scorpions
  A wyvern zombie (D:6)
  A water moccasin zombie (D:7)
  A wyvern skeleton (D:7)
  6 killer bees (D:8)
  An elephant simulacrum (Lair:6)
  5 electric eels (Lair:3)
  7 howler monkeys
  6 centaur zombies
  2 jellies
  25 orc priests
  3 hounds
  A basilisk zombie (Lair:3)
  A centaur skeleton (D:7)
  2 iguanas (D:6)
  14 orc wizards
  2 hound zombies (D:5)
  A hound skeleton (D:4)
  Robin (D:4)
  9 gnolls
  2 howler monkey skeletons (D:7)
  4 adders
  2 shadow imps (Gauntlet)
  4 white imps
  An ufetubus (D:6)
  A worm (D:2)
  69 orcs
  4 endoplasms
  6 giant cockroaches
  14 goblins
  10 hobgoblins
  17 kobolds
  8 quokkas
  9 ball pythons
  6 bats
  3 frilled lizards
  11 rats
607 creatures vanquished.

Vanquished Creatures (others)
  A dancing weapon (Orc:2)
  8 bushes (Lair:6)
  85 fungi
  52 plants
  36 withered plants (Lair:6)
182 creatures vanquished.

Grand Total: 789 creatures vanquished

Notes
Turn   | Place    | Note
-------+----------+-------------------------------------------
     0 | D:1      | Atelerd the Octopode Earth Elementalist began the quest for
                  | the Orb.
     0 | D:1      | Reached XP level 1. HP: 11/11 MP: 3/3
   224 | D:1      | Reached XP level 2. HP: 17/17 MP: 3/5
   307 | D:1      | Found Falyor's Antique Weapon Shoppe.
   636 | D:1      | Found a faded altar of an unknown god.
  1003 | D:1      | Reached XP level 3. HP: 21/21 MP: 6/6
  1715 | D:2      | Found a hide-covered altar of Uskayaw.
  2205 | D:2      | Reached XP level 4. HP: 23/27 MP: 4/8
  2985 | D:4      | Noticed an ogre
  2987 | D:4      | Noticed Menkaure
  2988 | D:4      | Noticed a phantom
  3016 | D:4      | Learned a level 4 spell: Petrify
  3042 | D:3      | Killed a phantom
  3043 | D:3      | Reached skill level 3 in Spellcasting
  3043 | D:3      | Reached XP level 5. HP: 9/31 MP: 9/9
  3356 | D:4      | Noticed Robin
  3359 | D:4      | Killed Robin
  3505 | D:4      | Noticed an orc warrior
  3542 | D:5      | Entered Level 5 of the Dungeon
  3546 | D:5      | Noticed an ogre
  3549 | D:5      | Noticed an ogre
  3632 | D:5      | Found a white marble altar of Elyvilon.
  3760 | D:5      | Reached XP level 6. HP: 35/36 MP: 10/10
  3851 | D:5      | Learned a level 3 spell: Mephitic Cloud
  3896 | D:5      | Noticed a sky beast
  3906 | D:5      | Killed a sky beast
  3939 | D:5      | Reached skill level 5 in Stealth
  3939 | D:5      | Reached XP level 7. HP: 41/41 MP: 2/12
  4458 | D:5      | Found a radiant altar of Vehumet.
  4729 | D:6      | Reached skill level 5 in Earth Magic
  4798 | D:6      | Reached skill level 4 in Spellcasting
  5270 | D:6      | Reached skill level 5 in Transmutations
  5270 | D:6      | Reached XP level 8. HP: 27/46 MP: 12/14
  5994 | D:6      | Reached skill level 5 in Spellcasting
  6756 | D:7      | Reached XP level 9. HP: 45/51 MP: 17/17
  7022 | D:7      | Reached skill level 1 in Poison Magic
  7148 | D:8      | Reached skill level 1 in Conjurations
  7148 | D:8      | Reached skill level 1 in Air Magic
  7208 | D:8      | Got Sif Muna's Almanac of Execration and Toxins
  7462 | D:8      | Reached skill level 6 in Spellcasting
  7543 | D:8      | Noticed Prince Ribbit
  7555 | D:8      | Killed Prince Ribbit
  7640 | D:8      | Noticed a two-headed ogre
  7652 | D:8      | Killed a two-headed ogre
  7653 | D:8      | Reached skill level 10 in Stealth
  7653 | D:8      | Reached skill level 7 in Spellcasting
  7964 | D:8      | Reached XP level 10. HP: 55/56 MP: 20/20
  8695 | D:4      | Killed Menkaure
  8986 | D:4      | Found a staircase to the Ecumenical Temple.
  9386 | D:4      | Found Xeewonu's Antique Weapon Shoppe.
  9389 | D:4      | Bought a fine dagger for 161 gold pieces
  9389 | D:4      | Identified the +5 dagger of the Forsaken Orbs {venom, *Slow
                  | +Blink rF+++ Int+5} (You bought it in a shop on level 4 of
                  | the Dungeon)
  9493 | Temple   | Entered the Ecumenical Temple
  9843 | Temple   | Became a worshipper of Sif Muna the Loreminder
  9952 | D:9      | Noticed a two-headed ogre
  9966 | D:9      | Killed a two-headed ogre
  9967 | D:9      | Reached skill level 8 in Spellcasting
 10176 | D:9      | Noticed a two-headed ogre
 10191 | D:9      | Killed a two-headed ogre
 10192 | D:9      | Reached skill level 9 in Spellcasting
 11011 | D:9      | Noticed a two-headed ogre
 11025 | D:9      | Killed a two-headed ogre
 11026 | D:9      | Reached skill level 10 in Spellcasting
 11176 | D:10     | Entered Level 10 of the Dungeon
 11243 | D:10     | Learned a level 4 spell: Olgreb's Toxic Radiance
 11296 | D:10     | Noticed a gargoyle
 11305 | D:10     | Killed a gargoyle
 11333 | D:10     | Reached XP level 11. HP: 28/61 MP: 25/25
 11638 | D:10     | Reached skill level 1 in Short Blades
 11803 | D:10     | Reached skill level 5 in Poison Magic
 11866 | D:10     | Reached * piety under Sif Muna
 11923 | D:10     | Reached skill level 1 in Invocations
 11923 | D:10     | Reached skill level 1 in Evocations
 12134 | D:10     | Found a staircase to the Lair.
 12336 | D:1      | Bought an encrusted scimitar for 207 gold pieces
 12336 | D:1      | Identified the +9 scimitar of Eternal Night {venom, rPois
                  | Str+4} (You bought it in a shop on level 1 of the Dungeon)
 12518 | Lair:1   | Entered Level 1 of the Lair of Beasts
 12679 | Lair:1   | Learned a level 5 spell: Borgnjor's Vile Clutch
 12685 | Lair:1   | Found a gate leading to a gauntlet.
 12702 | Gauntlet | Entered a Gauntlet
 12702 | Gauntlet | Found a transporter.
 12702 | Gauntlet | Found a transporter.
 12702 | Gauntlet | Found a transporter.
 12704 | Gauntlet | Found a transporter.
 12708 | Gauntlet | Found a transporter.
 12709 | Gauntlet | Found a transporter.
 12710 | Gauntlet | Noticed a moth of wrath
 12711 | Gauntlet | Noticed a sixfirhy
 12715 | Gauntlet | Found a transporter.
 12716 | Gauntlet | Found a transporter.
 12717 | Gauntlet | Found a transporter.
 12718 | Gauntlet | Found a transporter.
 12718 | Gauntlet | Found a large runed translucent door.
 12719 | Gauntlet | Found a large runed translucent door.
 12720 | Gauntlet | Found a large runed translucent door.
 12720 | Gauntlet | Found a large runed translucent door.
 12720 | Gauntlet | Found a runed translucent door.
 12720 | Gauntlet | Noticed a green ugly thing
 12720 | Gauntlet | Noticed a great orb of eyes
 12721 | Gauntlet | Found a large runed translucent door.
 12721 | Gauntlet | Noticed a purple ugly thing
 12722 | Gauntlet | Found a large runed translucent door.
 12723 | Gauntlet | Found a large runed translucent door.
 12723 | Gauntlet | Found a large runed translucent door.
 12724 | Gauntlet | Found a runed translucent gate.
 12724 | Gauntlet | Found a runed translucent gate.
 12724 | Gauntlet | Noticed a wizard
 12726 | Gauntlet | Found a transporter.
 12726 | Gauntlet | Found a transporter.
 12732 | Gauntlet | Noticed a wizard
 12746 | Gauntlet | Found a runed translucent gate.
 12747 | Gauntlet | Found a large runed translucent door.
 12747 | Gauntlet | Found a large runed translucent door.
 12748 | Gauntlet | Found a large runed translucent door.
 12749 | Gauntlet | Found a large runed translucent door.
 12758 | Gauntlet | Found a large runed translucent door.
 12758 | Gauntlet | Found a large runed translucent door.
 12758 | Gauntlet | Found a runed translucent door.
 12759 | Gauntlet | Found a large runed translucent door.
 12760 | Gauntlet | Found a large runed translucent door.
 12838 | Gauntlet | Found a runed translucent door.
 13057 | Gauntlet | Killed a moth of wrath
 13058 | Gauntlet | Reached skill level 1 in Necromancy
 13160 | Gauntlet | Killed a wizard
 13166 | Gauntlet | Killed a wizard
 13395 | Gauntlet | Gained mutation: Your muscles are strong. (Str +2) [potion
                  | of mutation]
 13395 | Gauntlet | Gained mutation: One of your tentacles bears a spike.
                  | [potion of mutation]
 13396 | Gauntlet | Lost mutation: One of your tentacles bears a spike. [potion
                  | of mutation]
 13396 | Gauntlet | Lost mutation: Your muscles are strong. (Str +2) [potion of
                  | mutation]
 13396 | Gauntlet | Gained mutation: Your spells are a little harder to cast,
                  | but a little more powerful. [potion of mutation]
 13518 | Gauntlet | Noticed a minotaur
 13723 | Gauntlet | Killed a minotaur
 13856 | Gauntlet | Identified the +0 chain mail "Kistrease" {rPois}
 13954 | Lair:1   | Noticed a five-headed hydra
 13966 | Lair:1   | Killed a five-headed hydra
 13967 | Lair:1   | Reached skill level 11 in Spellcasting
 13967 | Lair:1   | Reached skill level 5 in Invocations
 14030 | Lair:1   | Noticed a seven-headed hydra
 14051 | Lair:1   | Killed a seven-headed hydra
 14318 | Lair:2   | Reached XP level 12. HP: 32/66 MP: 13/27
 14334 | Lair:2   | Noticed Harold
 14362 | Lair:2   | Killed Harold
 14362 | Lair:2   | Reached ** piety under Sif Muna
 14363 | Lair:2   | Reached skill level 12 in Spellcasting
 15069 | Lair:2   | Noticed Erica
 15180 | Lair:2   | Killed Erica
 16289 | Lair:3   | Noticed a boulder beetle
 16300 | Lair:3   | Killed a boulder beetle
 16308 | Lair:3   | Reached skill level 13 in Spellcasting
 16471 | Lair:3   | Noticed a catoblepas
 16500 | Lair:3   | Killed a catoblepas
 16762 | Lair:3   | Reached skill level 5 in Necromancy
 17120 | Lair:3   | Reached *** piety under Sif Muna
 17121 | Lair:3   | Reached XP level 13. HP: 67/71 MP: 10/30
 17329 | Lair:3   | Reached skill level 5 in Dodging
 17866 | Lair:3   | Reached skill level 5 in Short Blades
 18425 | Lair:4   | Identified the ring of Wut Byips {Str+6 Int+2}
 18725 | Lair:4   | Found a staircase to the Shoals.
 18858 | Lair:4   | Found a staircase to the Snake Pit.
 19457 | Lair:5   | Reached skill level 10 in Earth Magic
 19531 | Lair:5   | Reached **** piety under Sif Muna
 20079 | Lair:5   | Reached skill level 14 in Spellcasting
 20084 | Lair:5   | Reached XP level 14. HP: 76/76 MP: 4/32
 20278 | Lair:5   | Found a staircase to the Slime Pits.
 20739 | Lair:6   | Entered Level 6 of the Lair of Beasts
 21754 | Lair:6   | Reached ***** piety under Sif Muna
 21947 | Lair:6   | Received a gift from Sif Muna
 23200 | Lair:6   | Noticed a dire elephant
 23202 | Lair:6   | Noticed a dire elephant
 23202 | Lair:6   | Noticed a dire elephant
 23604 | Lair:6   | HP: 2/73 [spectral dire elephant (8)]
 24351 | D:11     | Found a sparkling altar of Nemelex Xobeh.
 24711 | D:11     | Learned a level 3 spell: Tukima's Dance
 25427 | D:12     | Reached XP level 15. HP: 71/81 MP: 20/33
 25439 | D:12     | Received a gift from Sif Muna
 25440 | D:12     | Got Sif Muna's Guide on Attacks {god gift}
 25448 | D:12     | Learned a level 6 spell: Iron Shot
 25461 | D:12     | Lost mutation: Your spells are a little harder to cast, but
                  | a little more powerful. [potion of mutation]
 25461 | D:12     | Gained mutation: You are robust. (+10% HP) [potion of
                  | mutation]
 25461 | D:12     | Gained mutation: You are covered in fur. (AC +1) [potion of
                  | mutation]
 25461 | D:12     | Lost mutation: You are robust. (+10% HP) [potion of
                  | mutation]
 25464 | D:12     | Identified the +1 executioner's axe of Success {freeze,
                  | Will+ Dex+2}
 25535 | D:12     | Found a staircase to the Orcish Mines.
 25543 | D:12     | Reached skill level 15 in Spellcasting
 25604 | Orc:1    | Entered Level 1 of the Orcish Mines
 26156 | Orc:2    | Entered Level 2 of the Orcish Mines
 27215 | Orc:2    | Found Patzopn's Self-Improvement Boutique.
 27232 | Orc:2    | Received a gift from Sif Muna
 27233 | Orc:2    | Got Coymery's Volume of Sinister Venom {god gift}
 27236 | Orc:2    | Found a staircase to the Elven Halls.
 27254 | Orc:2    | Learned a level 5 spell: Freezing Cloud
 27258 | Orc:2    | Learned a level 3 spell: Ignite Poison
 27359 | Orc:2    | Bought a manual of Dodging for 1280 gold pieces
 27447 | Orc:2    | Identified a scroll of acquirement
 27449 | Orc:2    | Acquired the +7 quick blade of Wyrd {freeze, Fly Str-5
                  | Int+6 SInv}
 27557 | Orc:2    | Reached skill level 1 in Hexes
 28365 | Orc:2    | Found Ytedaimu's Armour Shop.
 28368 | Orc:2    | Found Pabbai's Book Shop.
 28369 | Orc:2    | Found Feasmut's General Store.
 28370 | Orc:2    | Found Dunwuux's Book Boutique.
 28373 | Orc:2    | Bought a scroll of teleportation for 39 gold pieces
 28739 | Elf:1    | Entered Level 1 of the Elven Halls
 28775 | Elf:1    | Found a radiant altar of Vehumet.
 28799 | Elf:1    | Reached skill level 5 in Air Magic
 28976 | Elf:1    | Found a magical portal.
 28981 | WizLab   | Entered The Chambers of the Cloud Mage
 28993 | WizLab   | Paralysed by an air elemental for 1 turns
 28994 | WizLab   | HP: 1/121 [shock serpent/electric aura (14)]
 28997 | WizLab   | Killed from afar by a shock serpent

Illustrated notes

Levels and vault maps discovered:
D:1:      dpeg_arrival_pits, layout_basic, serial_shops, shop,
          dreamdust_ecumenical_altar_grove, grunt_decor_one_mirror,
          kennysheep_doodads, fountainhead, minmay_hedge_maze,
          minmay_three_crescents
D:2:      wad_woods_stonehenge, layout_basic, minmay_rat_gold_closets
D:3:      layout_rooms, grunt_ministairs_14
D:4:      layout_loops_ring, minmay_temple_entry_nine_rooms, serial_shops,
          kennysheep_mini, uniq_robin, uniq_menkaure
D:5:      layout_loops_cross, mainiacjoe_overflow_big_doors
D:6:      layout_cave_pods, minmay_puff
D:7:      layout_loops_ring
D:8:      layout_basic, serial_aquarium, aquarium_bridge_square
          [aquarium_subvault_bridge, aquarium_subvault_bridge,
          aquarium_subvault_bridge, aquarium_subvault_balcony],
          aquarium_bridge_square [aquarium_subvault_balcony,
          aquarium_subvault_wall, aquarium_subvault_balcony,
          aquarium_subvault_bridge], aquarium_window_2, aquarium_window_1,
          aquarium_window_corridor_3, aquarium_view_2b, aquarium_view_2c,
          skrybe_limestone_x, uniq_prince_ribbit1
D:9:      layout_irregular_city, hangedman_decor_lopped, supply_closet_lemuel
D:10:     layout_irregular_city, grunt_lair_entry_orc_guard_hut
D:11:     layout_long_grid, nemelex_spade_bored_becter
D:12:     layout_gridville, kennysheep_orc_monster_closet_entryway
Temple:   mainiacjoe_temple_big_plus
Lair:1:   layout_long_grid, gauntlet_entry_generic,
          grunt_forest_small_clearing_treed, infiniplex_staircase_pool_2
Lair:2:   layout_regular_city, serial_bayou_shore_b, serial_bayou_shore_b,
          lemuel_fruit_fields, grunt_megastairs_4, infiniplex_staircase_pool,
          uniq_harold, uniq_erica
Lair:3:   pond_and_an_island_with_a_cottage, layout_cave_pods, st_stairs_9
Lair:4:   layout_hall_layers, shoals_dummy_entry, guppyfry_snake_entry_island,
          grunt_megastairs_5
Lair:5:   layout_loops_ring, slime_dummy
Lair:6:   due_jungle_book, layout_regular_city, evilmike_ambush
          [evilmike_ambush_outer_doors, evilmike_ambush_inner_pond]
Orc:1:    layout_caves
Orc:2:    st_orc_pillars, layout_caves, nicolae_shop_self_help
Elf:1:    eino_elf_arrival_altar, layout_geoelf_octagon, serial_shops, shop,
          mu_enter_wizlab_2, hangedman_elf_represent, uniq_asterion
WizLab:   wizlab_cloud

Skill      XL: |  1  2  3  4  5  6  7  8  9 10 11 12 13 14 15 |
---------------+----------------------------------------------+-----
Stealth        | 3 4 5 6 8 11 12 13 | 13.8
Earth Magic    | 4 5 6 7 8 10 11 | 11.1
Spellcasting   | 3 4 5 7 10 11 13 14 15 | 15.0
Transmutations | 2 3 5 |  5.0
Poison Magic   | 1 3 5 |  5.0
Conjurations   | 1 3 4 |  4.8
Air Magic      | 1 4 5 |  5.1
Short Blades   | 3 4 5 |  5.4
Invocations    | 5 6 7 |  7.5
Evocations     | 2 3 |  3.0
Necromancy     | 3 5 |  5.0
Dodging        | 4 8 9 |  9.3
Hexes          | 2 |  2.0
Unarmed Combat | |  0.4

Action                   |  1- 3 |  4- 6 |  7- 9 | 10-12 | 13-15 || total
-------------------------+-------+-------+-------+-------+-------++-------
Melee: Constrict         |    12 |     5 |    12 |    12 |    16 ||    57
       Unarmed           |     1 |       |       |       |       ||     1
       Dagger            |    39 |    22 |    61 |    86 |   138 ||   346
       Tentacles         |     9 |     5 |    13 |    24 |    46 ||    97
       Punch             |       |     1 |     2 |     3 |     5 ||    11
       Quick blade       |       |       |       |       |    30 ||    30
 Cast: Sandblast         |    40 |    51 |    77 |   110 |   185 ||   463
       Petrify           |       |     5 |    15 |    46 |    60 ||   126
       Mephitic Cloud    |       |       |       |    21 |     7 ||    28
       Olgreb's Toxic Ra |       |       |       |    43 |    94 ||   137
       Borgnjor's Vile C |       |       |       |    19 |   139 ||   158
       Tukima's Dance    |       |       |       |       |    14 ||    14
       Iron Shot         |       |       |       |       |     2 ||     2
       Ignite Poison     |       |       |       |       |     2 ||     2
       Freezing Cloud    |       |       |       |       |     1 ||     1
Invok: Channel Magic     |       |       |       |       |     3 ||     3
 Abil: Evoke Blink       |       |       |       |       |     2 ||     2
Evoke: Wand              |       |       |       |    22 |     9 ||    31
       Lightning rod     |       |       |       |       |     4 ||     4
  Use: Scroll            |       |     1 |       |    10 |    13 ||    24
       Potion            |       |       |       |     8 |     5 ||    13
 Stab: Sleeping          |     5 |     7 |    17 |     4 |    20 ||    53
       Petrified         |       |     9 |    18 |    43 |    43 ||   113
       Confused          |       |       |       |     2 |     1 ||     3
       Petrifying        |       |       |       |     3 |     3 ||     6
       Distracted        |       |       |       |     1 |       ||     1
Armor: Skin              |     5 |     6 |     6 |     6 |    17 ||    40
Dodge: Dodged            |    37 |    26 |    66 |    84 |   242 ||   455
